 Dungeon Crawl Stone Soup version 0.29.0-4-gdea44cf6ec (webtiles) character file.

Game seed: 512366742711609755

266 qw the Chopper (level 6, -2/38 HPs)
             Began as a Gargoyle Fighter on Sept 7, 2022.
             Slain by a gnoll
             ... wielding a +0 spear
              (3 damage)
             ... on level 2 of the Dungeon.
             The game lasted 00:01:15 (2112 turns).

qw the Chopper (Gargoyle Fighter)                   Turns: 2112, Time: 00:01:15

Health: -2/38      AC: 11    Str: 22    XL:     6   Next: 20%
Magic:  6/6        EV:  9    Int:  8    God:
Gold:   129        SH:  4    Dex:  9    Spells: 5/5 levels left

rFire   . . .      SeeInvis .   Y - +0 war axe
rCold   . . .      Faith    .   c - +0 buckler
rNeg    + . .      Spirit   .   b - +0 scale mail
rPois   inf        Reflect  .   (no helmet)
rElec   +          Harm     .   (no cloak)
rCorr   .          Rampage  .   (no gloves)
Will    .....                   (no boots)
Stlth   ..........              (no amulet)
HPRegen 0.12/turn               (no ring)
MPRegen 0.10/turn               (no ring)

@: no status effects
A: sickness immunity, AC +4, negative energy resistance 1, electricity
resistance, torment resistance 1, petrification resistance
a: no special abilities


You were on level 2 of the Dungeon.
You visited 1 branch of the dungeon, and saw 3 of its levels.

You collected 129 gold pieces.


Innate Abilities, Weirdness & Mutations

You are immune to sickness and miasma.
Your stone body is resilient. (AC +4)
You are immune to poison.
You resist negative energy. (rN+)
You are resistant to electric shocks. (rElec)
You are resistant to unholy torment.
You are immune to petrification.


   Skills:
 - Level 4.0 Fighting
 + Level 5.1 Axes
 - Level 3.2 Armour
 - Level 1.3 Dodging
 - Level 3.2 Shields


You had 5 spell levels left.
You didn't know any spells.
Your spell library was empty.

Inventory:

Hand Weapons
 n - a +0 flail
 Y - a +0 war axe (weapon)
Armour
 b - a +0 scale mail (worn)
 c - a +0 buckler (worn)
Scrolls
 a - 2 scrolls of identify
Potions
 d - a potion of might
 e - a potion of mutation
 g - a potion of heal wounds {unknown}
 h - a potion of haste {unknown}
 i - a potion of lignification
 l - a potion of attraction {unknown}

Dungeon Overview and Level Annotations

Branches:
Dungeon (3/15)

Altars:
The Shining One


Message History

Natasha claws you but does no damage. The gnoll hits you but does no damage.
Natasha claws you.
The shadow imp hits you but does no damage.
You barely miss Natasha.
Natasha is severely wounded.
You hit the shadow imp. The gnoll hits you but does no damage.
Natasha closely misses you. The shadow imp gestures at you.
You barely resist. You closely miss Natasha.
Natasha is severely wounded.
You slash the shadow imp!
You kill the shadow imp!
The shadow imp disappears in a puff of smoke!
The gnoll hits you from afar with a +0 spear.
Natasha barely misses you.
You closely miss Natasha.
Natasha is severely wounded.
The gnoll hits you from afar with a +0 spear.
Natasha stares at you and mumbles some strange words.
You resist with some effort.
The gnoll hits you from afar with a +0 spear.
You block Natasha's attack.
You hit Natasha.
You kill Natasha!
Natasha yowls pathetically as she dies!
The gnoll hits you from afar with a +0 spear!
Your Dodging skill increases to level 1!
The gnoll barely misses you.
You see here the felid corpse of Natasha.
You slash the gnoll!
The gnoll is severely wounded.
The gnoll barely misses you.
You hit the gnoll but do no damage.
The gnoll is severely wounded.
The gnoll hits you but does no damage.
You hit the gnoll but do no damage.
The gnoll is severely wounded.
The gnoll hits you with a +0 spear.
You die...

...##.# #...#
#..##.# #.###
..###.# #.# .#.##.#
#.# #.###.# #.#
%#.#..# #.##
####..##### #..#
............ #..#
......###### #@)#
....<..........g..#
.....####.....#.#.#
##....# .... ....#
##....# ... <..###
[.....# ## #...
....### #...
....###########.
..............#


You could see a gnoll.

Vanquished Creatures
  A crimson imp (D:3)
  Jessica (D:2)
  Natasha (D:2)
  5 adders
  6 gnolls
  A dart slug (D:2)
  5 orcs (D:3)
  3 bats
  5 endoplasms
  4 giant cockroaches
  4 goblins
  11 hobgoblins
  4 jackals
  3 kobolds (D:1)
  3 quokkas
  3 ball pythons
  2 frilled lizards
  2 goblin zombies (D:3)
  3 hobgoblin zombies (D:3)
  A kobold skeleton (D:3)
  2 kobold zombies (D:3)
  2 orc skeletons (D:3)
  2 orc zombies (D:3)
  5 rats
79 creatures vanquished.

Vanquished Creatures (others)
  4 plants (D:1)
4 creatures vanquished.

Grand Total: 83 creatures vanquished

Notes
Turn   | Place    | Note
-------+----------+-------------------------------------------
     0 | D:1      | qw the Gargoyle Fighter began the quest for the Orb.
     0 | D:1      | Reached XP level 1. HP: 14/14 MP: 1/1
     0 | D:1      | 0 ||| qw: Version: 0.1-a-108-g9e35731
     0 | D:1      | 0 ||| qw: Game counter: 6498
     0 | D:1      | 0 ||| qw: Always use a shield: true
     0 | D:1      | 0 ||| qw: God list: Okawaru
     0 | D:1      | 0 ||| qw: Allow faded altars: false
     0 | D:1      | 0 ||| qw: Do Orc after D:15 true
     0 | D:1      | 0 ||| qw: Do second Lair branch before Depths: true
     0 | D:1      | 0 ||| qw: Lair rune preference: random
     0 | D:1      | 0 ||| qw: Plans: Normal, Zot, God:TSO, Crypt, Tomb, Zig,
                  | Orb
     0 | D:1      | 0 ||| PLANNING D:1-11
    14 | D:1      | Reached skill level 2 in Axes
    50 | D:1      | Reached XP level 2. HP: 16/19 MP: 2/2
   178 | D:1      | 178 ||| Stepping ~*~*~tactically~*~*~ (stealth).
   205 | D:1      | 205 ||| Stepping ~*~*~tactically~*~*~ (stealth).
   216 | D:1      | Reached skill level 3 in Axes
   310 | D:1      | Reached XP level 3. HP: 23/23 MP: 3/3
   395 | D:1      | 395 ||| Stepping ~*~*~tactically~*~*~ (stealth).
   681 | D:1      | 681 ||| READING 2 scrolls labelled FIOBLE QOIMERA.
   682 | D:1      | 682 ||| READING scroll labelled DIHUTUA BUOC.
   683 | D:1      | 683 ||| READING scroll labelled ITENIAZUPN.
   711 | D:2      | Noticed Jessica
   719 | D:2      | Killed Jessica
   720 | D:2      | Reached XP level 4. HP: 18/28 MP: 4/4
  1005 | D:2      | Reached skill level 4 in Axes
  1027 | D:2      | 1027 ||| DROPPING +0 club.
  1110 | D:2      | You fall into a shaft and drop 1 floor!
  1152 | D:3      | Found a glowing golden altar of the Shining One.
  1153 | D:3      | 1153 ||| Stepping ~*~*~tactically~*~*~ (hiding).
  1154 | D:3      | 1154 ||| Stepping ~*~*~tactically~*~*~ (hiding).
  1173 | D:3      | Reached XP level 5. HP: 31/32 MP: 5/5
  1298 | D:3      | 1298 ||| Stepping ~*~*~tactically~*~*~ (stealth).
  1300 | D:3      | 1300 ||| Stepping ~*~*~tactically~*~*~ (stealth).
  1437 | D:3      | 1437 ||| Stepping ~*~*~tactically~*~*~ (stealth).
  1446 | D:3      | Reached skill level 5 in Axes
  1604 | D:3      | 1604 ||| DROPPING +0 whip.
  1614 | D:3      | 1614 ||| READING scroll labelled IHIHUY MOR QOL.
  1615 | D:3      | 1615 ||| READING scroll labelled QANWUOMIEP.
  1616 | D:3      | 1616 ||| READING scroll labelled MULUANNU BU BUB.
  1617 | D:3      | 1617 ||| DRINKING 2 orange potions.
  1618 | D:3      | 1618 ||| DRINKING 2 pink potions.
  1654 | D:3      | 1654 ||| READING 2 scrolls of identify.
  1654 | D:3      | 1654 ||| IDENTIFYING clear potion
  1655 | D:3      | 1655 ||| DROPPING potion of flight.
  1746 | D:2      | 1746 ||| Stepping ~*~*~tactically~*~*~ (stealth).
  1748 | D:2      | 1748 ||| Stepping ~*~*~tactically~*~*~ (hiding).
  2093 | D:2      | 2093 ||| Stepping ~*~*~tactically~*~*~ (hiding).
  2093 | D:2      | Noticed Natasha
  2094 | D:2      | 2094 ||| Stepping ~*~*~tactically~*~*~ (stealth).
  2100 | D:2      | Reached XP level 6. HP: 28/38 MP: 6/6
  2107 | D:2      | HP: 8/38 [gnoll/+0 spear (2)]
  2108 | D:2      | Killed Natasha
  2108 | D:2      | HP: 1/38 [gnoll/+0 spear (7)]
  2109 | D:2      | Reached skill level 1 in Dodging
  2112 | D:2      | Slain by a gnoll

Levels and vault maps discovered:
D:1:      eino_arrival_tree_alley, layout_rooms, grunt_decor_mini_mirrors
D:2:      minmay_diamond_boxcup, layout_basic, minivault_5,
          minmay_split_cup_large, uniq_jessica, uniq_natasha
D:3:      layout_rooms, nicolae_tso_besieged_by_evil, grunt_decor_fettered,
          grunt_ministairs_2, uniq_grinder

Skill      XL: |  1  2  3  4  5  6 |
---------------+-------------------+-----
Axes           | 2 3 4 5 |  5.1
Fighting       | 4 |  4.0
Dodging        | 1 |  1.3
Armour         | |  3.2
Shields        | |  3.2

Action                   |  1- 3 |  4- 6 || total
-------------------------+-------+-------++-------
Melee: War axe           |    76 |   154 ||   230
  Use: Scroll            |     3 |     4 ||     7
       Potion            |       |     2 ||     2
Armor: Scale mail        |    39 |    90 ||   129
Dodge: Dodged            |    43 |   105 ||   148
Block: Buckler           |     8 |    36 ||    44

Table legend:
 A = Non-vault XP
 B = Vault XP
 C = Vault XP percentage of total XP
 D = Non-vault monster count
 E = Vault monster count
 F = Vault count percentage of total count
                 A         B        C        D         E       F
            +---------+---------+-------+---------+---------+-------
      Total |     156 |     224 |  58.9 |      50 |      29 |  36.7
            +---------+---------+-------+---------+---------+-------
        D:1 |      47 |       0 |   0.0 |      27 |       0 |   0.0
        D:2 |      49 |     151 |  75.5 |      13 |      14 |  51.9
        D:3 |      60 |      73 |  54.9 |      10 |      15 |  60.0
            +---------+---------+-------+---------+---------+-------
